 Dungeon Crawl Stone Soup version 0.19.0-2-gae57169 (webtiles) character file.

35528 Jerry the Fencer (level 13, -7/99 HPs)
             Began as a Minotaur Berserker on Nov 4, 2016.
             Was an Elder of Trog.
             Mangled by an eight-headed hydra (9 damage)
             ... on level 6 of the Lair of Beasts.
             The game lasted 01:25:33 (13597 turns).

Jerry the Fencer (Minotaur Berserker)              Turns: 13597, Time: 01:25:34

Health: -7/99      AC: 31    Str: 26      XL:     13   Next: 48%
Magic:  4/4        EV:  9    Int:  4 (6)  God:    Trog [****..]
Gold:   1191       SH:  0    Dex: 12      Spells: 0 memorised, 12 levels left

rFire  . . .     SeeInvis .     T - +4 great sword (antimagic)
rCold  . . .     Gourm    .     N - +0 plate armour
rNeg   + . .     Faith    +     (shield currently unavailable)
rPois  +         Spirit   .     a - +2 hat {MR+}
rElec  .         Reflect  .     w - +0 cloak
rCorr  .         Harm     .     p - +2 pair of gloves {Str+3}
MR     ++++.     Rnd*Rage +     (no boots)
Stlth  ..........               j - amulet of faith
                                G - ring of positive energy
                                V - +3 ring of protection

@: regenerating
A: retaliatory headbutt, horns 2, icy blue scales 2, berserk 3, blurry vision 1,
deterioration 1, frail 1, magic resistance 1, poison resistance, wild magic 1
a: Berserk, Trog's Hand, Brothers in Arms, Burn Spellbooks, Renounce Religion


You were on level 6 of the Lair of Beasts.
You worshipped Trog.
Trog was greatly pleased with you.
You were hungry.

You visited 3 branches of the dungeon, and saw 18 of its levels.
You also visited: Sewer and Bailey.

You collected 1191 gold pieces.

Inventory:

Hand Weapons
 v - the +4 short sword "Futo" {elec, +Blink MR- Int+2}
   (You found it on level 5 of the Dungeon)

   Occasionally, upon striking a foe, it will discharge some electrical energy
   and cause terrible harm.
   It affects your intelligence (+2).
   It affects your resistance to hostile enchantments.
   It lets you blink.
 T - a +4 antimagic great sword (weapon)
Missiles
 A - 2 poisoned javelins (quivered)
Armour
 a - a +2 hat of magic resistance (worn)
 p - a +2 pair of gloves of strength (worn)
 w - a +0 cloak (worn)
 M - a +0 buckler
 N - a +0 plate armour (worn)
Jewellery
 j - an amulet of faith (around neck)
 G - a ring of positive energy (right hand)
 V - a +3 ring of protection (left hand)
Wands
 D - a wand of digging (10/24)
 S - a wand of polymorph (5/24)
Scrolls
 k - 4 scrolls of recharging
 n - 4 scrolls of teleportation
 o - a scroll of enchant weapon
 r - 9 scrolls of remove curse
 s - 6 scrolls of identify
 u - 2 scrolls of magic mapping
 x - 2 scrolls of immolation
 F - 3 scrolls of silence
 K - 2 scrolls of blinking
 R - a scroll of enchant armour
Potions
 b - 3 potions of flight
 d - 2 potions of agility
 e - 5 potions of haste
 q - a potion of cancellation
 t - 3 potions of curing
 z - a potion of brilliance
 J - 4 potions of heal wounds
 P - 3 potions of invisibility
 Q - a potion of might
Books
 O - a book of Callings

   Spells                             Type                      Level
   a - Summon Small Mammal            Summoning                    1
   b - Call Imp                       Summoning                    2
   c - Call Canine Familiar           Summoning                    3
   d - Summon Guardian Golem          Hexes/Summoning              3
   e - Summon Lightning Spire         Summoning/Air                4
   f - Summon Ice Beast               Ice/Summoning                4
   Trog disapproves of the use of such an item.
 U - a book of Enchantments

   Spells                             Type                      Level
   a - Cause Fear                     Hexes                        4
   b - Yara's Violent Unravelling     Hexes/Transmutation          5
   c - Silence                        Hexes/Air                    5
   d - Deflect Missiles               Charms/Air                   6
   e - Discord                        Hexes                        8
   Trog disapproves of the use of such an item.
 W - a book of Debilitation

   Spells                             Type                      Level
   a - Corona                         Hexes                        1
   b - Slow                           Hexes                        2
   c - Gell's Gravitas                Hexes/Translocation          3
   d - Inner Flame                    Hexes/Fire                   3
   e - Cause Fear                     Hexes                        4
   f - Leda's Liquefaction            Hexes/Earth                  4
   Trog disapproves of the use of such an item.
 Y - a book of Minor Magic

   Spells                             Type                      Level
   a - Magic Dart                     Conjuration                  1
   b - Blink                          Translocation                2
   c - Call Imp                       Summoning                    2
   d - Repel Missiles                 Charms/Air                   2
   e - Slow                           Hexes                        2
   f - Conjure Flame                  Conjuration/Fire             3
   g - Mephitic Cloud                 Conjuration/Poison/Air       3
   Trog disapproves of the use of such an item.
Miscellaneous
 I - a phial of floods
Comestibles
 c - 7 bread rations
 f - 4 slices of pizza
 g - 16 chunks of flesh
 m - 10 fruits
 B - 2 beef jerkies
 E - 3 meat rations
 L - 2 royal jellies


   Skills:
 + Level 8.8 Fighting
 + Level 17.6 Long Blades
 + Level 17.4 Armour
 - Level 2.1 Dodging
 - Level 5.5 Shields


You had 12 spell levels left.
You didn't know any spells.

Dungeon Overview and Level Annotations

Branches:
Dungeon (13/15)            Temple (1/1) D:7            Lair (3/6) D:8
  Slime (0/5) Lair:6          Orc (0/2) D:10         Vaults (0/5) D:13
  Swamp: Lair:2-4    Shoals: Lair:2-4     Snake: Lair:2-4    Spider: Lair:2-4

Altars:
Ashenzari
Cheibriados
Dithmenos
Elyvilon
Fedhas
Gozag
Hepliaklqana
Kikubaaqudgha
Makhleb
Nemelex Xobeh
Okawaru
Qazlal
Ru
Sif Muna
Trog
Vehumet
Xom
Yredelemnul
Zin
The Shining One

Shops:
D:7 }


Innate Abilities, Weirdness & Mutations

You reflexively headbutt those who attack you in melee.
You have a pair of horns on your head.
You are mostly covered in icy blue scales. (AC +3)
You have an uncontrollable temper.
Scrolls take you a little longer to read.
Your body sometimes deteriorates upon taking damage.
You are frail. (-10% HP)
You are resistant to hostile enchantments. (MR+)
Your system is resistant to poisons. (rPois)
Your spells are a little harder to cast, but a little more powerful.


Message History

The eight-headed hydra barely misses you.
The eight-headed hydra bites you.
* * * LOW HITPOINT WARNING * * *
The eight-headed hydra bites you but does no damage.
Evoke which item? (* to show all) (? for menu, Esc to quit)
Zapping:
S - a wand of polymorph {zapped: 4} (will waste charges)
Press: ? - help, Shift-Dir - straight line, f/p - eight-headed hydra
Aim: an eight-headed hydra (chance to defeat MR: 15%)
The eight-headed hydra resists with almost no effort.
Evoking this partially-identified wand wasted a few charges.
The eight-headed hydra closely misses you.
The eight-headed hydra bites you but does no damage. x2
The eight-headed hydra bites you!
* * * LOW HITPOINT WARNING * * *
Your body deteriorates!
You feel dopey.
The eight-headed hydra bites you but does no damage.
The eight-headed hydra bites you.
* * * LOW HITPOINT WARNING * * *
The eight-headed hydra bites you!
You die...

#.≈≈≈≈.......#*###.≈≈****≈≈,,≈≈
#...≈......#***8#8.##**≈≈≈≈,,≈≈
*#.........## ##....##≈≈≈**++**
*,#.........## *8.....##≈##.,,,*
**#..........# ##......#§#..,,,,
##.......#####.......#≈#..,,,,
#........####........≈≈#.,,,,,
##...............##≈§§.#,,,,,,
#...†.......@D....#§§§##,,,,*
#*#...#...###.........§§.####**
#.#.†...♣♣#*####......#§§.≈≈≈≈≈
*#..#.#.♣≈≈≈* ###...†.≈.§≈§≈≈≈
*#....#.♣≈≈≈*****##..#§.≈##§≈≈,
#.#..#..♣≈≈≈*,,,**####≈..#,,,,,
*##...##.♣****,,,,* **≈≈...,,,,
*,.........,,,,,,,****≈≈##....,,
*,.....!,..P,,,,,,,**≈≈§#*....,,


You could see an eight-headed hydra.

Vanquished Creatures
  An emperor scorpion (Lair:2)
  A tengu warrior (D:13)
  Nergalle (D:10)
  An unseen horror (D:13)
  5 hill giants
  An obsidian statue (D:12)
  Pikel (D:5)
  A lindwurm (Lair:6)
  A necromancer (D:13)
  A deep elf mage (D:12)
  A cyclops (D:12)
  An ugly thing (D:13)
  A manticore (D:12)
  A black mamba (shapeshifter) (D:13)
  Psyche (D:8)
  6 elephants
  2 black mambas (Lair:6)
  Maurice (D:8)
  A molten gargoyle (Lair:6)
  An ice statue (D:12)
  A spiny frog (Lair:1)
  A kobold demonologist (D:12)
  3 komodo dragons
  A rime drake (Lair:1)
  The ghost of Jerry the Slasher, an amateur MiBe of Trog (Sewer)
  A troll (D:13)
  A hornet (D:10)
  2 two-headed ogres
  5 slime creatures (D:12)
  7 hippogriffs
  Sigmund (D:3)
  A spriggan (D:7)
  4 wyverns
  A wraith (D:10)
  30 yaks
  A basilisk (Lair:6)
  A hungry ghost (D:11)
  3 vampire mosquitoes (D:13)
  Grum (D:8)
  3 steam dragons
  Menkaure (D:7)
  A mottled dragon (D:13)
  A water moccasin (Lair:3)
  3 hell hounds (Lair:6)
  6 porcupines
  A slave (D:5)
  3 ice beasts
  5 sky beasts
  4 ogres
  5 orc warriors
  8 wolves
  The ghost of Jorund the Shield-Bearer, an amateur FoFi (D:3)
  A centaur (D:12)
  4 crocodiles
  4 big kobolds
  10 gnoll sergeants
  12 bullfrogs
  A wyvern skeleton (D:12)
  5 scorpions
  7 killer bees
  8 wights
  3 howler monkeys
  A bullfrog zombie (D:9)
  2 centaur zombies
  A quasit (D:13)
  6 crimson imps
  3 bullfrog skeletons
  11 hounds
  5 orc priests
  4 gnoll shamans (Bailey)
  7 jellies
  6 orc wizards
  2 iguanas
  12 worker ants
  A killer bee zombie (D:9)
  4 hound skeletons
  A worker ant zombie (D:7)
  A howler monkey skeleton (D:9)
  25 gnolls
  18 adders
  A river rat (Sewer)
  2 shadow imps
  An ooze (D:5)
  3 adder skeletons
  2 adder zombies
  A dart slug (D:1)
  10 leopard geckos
  29 orcs
  11 ball pythons (Sewer)
  5 giant cockroaches
  13 goblins
  7 hobgoblins
  14 jackals
  2 quokkas
  7 bats
  7 frilled lizards
  A jackal zombie (D:5)
  33 kobolds
  A quokka skeleton (D:4)
  31 rats
484 creatures vanquished.

Vanquished Creatures (collateral kills)
  Gastronok (Lair:1)
  2 hydras
  A centaur warrior (D:13)
  A hill giant (D:13)
  A necromancer (D:13)
  A tengu conjurer (D:13)
  A hell hound (Lair:6)
  An eye of draining (D:13)
  An orc warrior (D:13)
  A wyvern zombie (D:13)
  A lava snake (Lair:6)
  2 gnoll shamans (Bailey)
  An orc wizard (D:13)
  An orc priest (D:13)
  A gnoll (D:7)
  2 orcs (D:7)
19 creatures vanquished.

Vanquished Creatures (others)
  An orc (D:5)
  A quokka (D:5)
  3 fungi
5 creatures vanquished.

Grand Total: 508 creatures vanquished

Notes
Turn   | Place    | Note
-------+----------+-------------------------------------------
     0 | D:1      | Jerry the Minotaur Berserker began the quest for the Orb.
     0 | D:1      | Reached XP level 1. HP: 19/19 MP: 0/0
   289 | D:1      | Reached XP level 2. HP: 22/27 MP: 1/1
   751 | D:2      | Reached XP level 3. HP: 31/33 MP: 2/2
  1104 | D:2      | Reached ** piety under Trog
  1844 | D:3      | Reached XP level 4. HP: 36/41 MP: 3/3
  1909 | D:3      | Noticed Sigmund
  1927 | D:3      | Killed Sigmund
  1927 | D:3      | Reached skill level 5 in Fighting
  1927 | D:3      | Reached skill level 5 in Long Blades
  1927 | D:3      | Reached XP level 5. HP: 31/48 MP: 4/4
  2099 | D:3      | Found a glowing drain.
  2118 | Sewer    | Entered a sewer
  2118 | Sewer    | Noticed Jerry's ghost (amateur MiBe)
  2129 | Sewer    | Killed Jerry's ghost
  2129 | Sewer    | Reached skill level 5 in Armour
  2129 | Sewer    | Reached XP level 6. HP: 57/57 MP: 5/5
  2267 | Sewer    | Reached *** piety under Trog
  2350 | Sewer    | Reached XP level 7. HP: 63/63 MP: 6/6
  2718 | D:3      | Noticed Jorund's ghost (amateur FoFi)
  2734 | D:3      | Killed Jorund's ghost
  2734 | D:3      | Reached **** piety under Trog
  3039 | D:4      | Found a white marble altar of Elyvilon.
  3573 | D:4      | Reached XP level 8. HP: 73/73 MP: 7/7
  3716 | D:5      | Entered Level 5 of the Dungeon
  3949 | D:5      | Found a shadowy altar of Dithmenos.
  3958 | D:5      | Got a translucent short sword
  3959 | D:5      | Identified the +4 short sword "Futo" {elec, +Blink MR- Int+2} (You found it on level 5 of the Dungeon)
  4104 | D:5      | Noticed Pikel
  4117 | D:5      | Reached ***** piety under Trog
  4135 | D:5      | Killed Pikel
  4417 | D:6      | Reached XP level 9. HP: 74/79 MP: 8/8
  4446 | D:6      | Received a gift from Trog
  4738 | D:6      | Found a faded altar of an unknown god.
  4738 | D:6      | Found a faded altar of an unknown god.
  4743 | D:6      | Found a faded altar of an unknown god.
  4745 | D:6      | Found a faded altar of an unknown god.
  4746 | D:6      | Found a sparkling altar of Nemelex Xobeh.
  4869 | D:6      | Reached skill level 10 in Long Blades
  4888 | D:7      | Found a staircase to the Ecumenical Temple.
  4893 | Temple   | Entered the Ecumenical Temple
  5056 | D:7      | Reached skill level 10 in Armour
  5177 | D:7      | Found Fumeoman's Gadget Emporium.
  5200 | D:7      | Received a gift from Trog
  5518 | D:7      | Noticed Menkaure
  5521 | D:7      | Killed Menkaure
  5649 | D:7      | Found a radiant altar of Vehumet.
  5787 | D:8      | Gained mutation: You tend to lose your temper in combat. [mutagenic meat]
  5788 | D:8      | Gained mutation: Your system is resistant to poisons. (rPois) [mutagenic meat]
  5789 | D:8      | Gained mutation: Your body sometimes deteriorates upon taking damage. [mutagenic meat]
  5790 | D:8      | Gained mutation: You are partially covered in icy blue scales. (AC +2) [mutagenic meat]
  5793 | D:8      | Gained mutation: You often lose your temper in combat. [potion of mutation]
  5793 | D:8      | Gained mutation: You are resistant to hostile enchantments. (MR+) [potion of mutation]
  5793 | D:8      | Gained mutation: Your spells are a little harder to cast, but a little more powerful. [potion of mutation]
  5794 | D:8      | Gained mutation: You are agile. (Dex +2) [potion of mutation]
  5794 | D:8      | Gained mutation: You are frail. (-10% HP) [potion of mutation]
  5856 | D:8      | Reached XP level 10. HP: 73/77 MP: 3/9
  5924 | D:8      | Noticed Psyche
  5931 | D:8      | Killed Psyche
  6110 | D:8      | Found a shimmering altar of Xom.
  6113 | D:8      | Found a burning altar of Makhleb.
  6117 | D:8      | Noticed Maurice
  6264 | D:8      | Killed Maurice
  6313 | D:8      | Found a shadowy altar of Dithmenos.
  6321 | D:8      | Found a staircase to the Lair.
  6350 | D:8      | Noticed Grum
  6401 | D:8      | Killed Grum
  6704 | D:8      | Found a sacrificial altar of Ru.
  6730 | D:8      | Found a blossoming altar of Fedhas.
  6974 | D:9      | Found a glowing golden altar of the Shining One.
  7359 | D:9      | Found an iron altar of Okawaru.
  7585 | D:10     | Entered Level 10 of the Dungeon
  7637 | D:10     | Found a staircase to the Orcish Mines.
  7704 | D:10     | Noticed a hill giant
  7712 | D:10     | Killed a hill giant
  7712 | D:10     | Reached XP level 11. HP: 82/82 MP: 3/10
  7799 | D:10     | Received a gift from Trog
  7800 | D:10     | Got a slimy great mace {god gift}
  7801 | D:10     | Identified the +5 great mace "Wecuamy" {holy, rF+ rN+} (Trog gifted it to you on level 10 of the Dungeon)
  8002 | D:10     | Paralysed by a hornet for 2 turns
  8057 | D:10     | Noticed a hill giant
  8061 | D:10     | Killed a hill giant
  8163 | D:10     | Noticed Nergalle
  8170 | D:10     | Killed Nergalle
  8831 | D:11     | You fall through a shaft!
  8957 | D:12     | Noticed a hill giant
  8963 | D:12     | Killed a hill giant
  9167 | D:11     | Reached skill level 15 in Long Blades
  9403 | D:12     | Noticed a deep elf mage
  9420 | D:12     | Killed a deep elf mage
  9420 | D:12     | Reached skill level 15 in Armour
  9486 | D:12     | Noticed a hill giant
  9487 | D:12     | Reached ****** piety under Trog
  9487 | D:12     | Received a gift from Trog
  9495 | D:12     | Killed a hill giant
  9861 | D:12     | Reached XP level 12. HP: 69/90 MP: 3/11
 10056 | D:13     | Noticed a tengu warrior
 10073 | D:13     | Killed a tengu warrior
 10082 | D:13     | Noticed a centaur warrior
 10084 | D:13     | Killed a centaur warrior
 10433 | D:13     | Gained mutation: Scrolls take you a little longer to read. [mutagenic meat]
 10488 | D:13     | Found a gate to the Vaults.
 10533 | D:13     | Found a flagged portal.
 10546 | Bailey   | Entered a bailey
 10877 | Bailey   | Received a gift from Trog
 11204 | D:13     | Reached skill level 1 in Shields
 11209 | D:13     | Gained mutation: You are mostly covered in icy blue scales. (AC +3) [mutagenic meat]
 11210 | D:13     | Lost mutation: You are agile. (Dex +2) [mutagenic meat]
 11688 | Lair:1   | Entered Level 1 of the Lair of Beasts
 12355 | Lair:1   | Noticed Gastronok
 12361 | Lair:1   | Killed Gastronok
 12405 | Lair:1   | Identified a scroll of acquirement
 12456 | Lair:1   | Gained mutation: You have an uncontrollable temper. [potion of mutation]
 12529 | Lair:1   | Reached XP level 13. HP: 94/94 MP: 4/12
 12718 | Lair:2   | Noticed an emperor scorpion
 12718 | Lair:2   | a four-headed hydra changed into an emperor scorpion
 12728 | Lair:2   | Killed an emperor scorpion
 12728 | Lair:2   | Reached skill level 5 in Shields
 13463 | Lair:3   | You fall through a shaft for 3 floors!
 13463 | Lair:6   | Entered Level 6 of the Lair of Beasts
 13597 | Lair:6   | HP: 2/99 [eight-headed hydra (3)]
 13597 | Lair:6   | Mangled by an eight-headed hydra

Skill      XL: |  1  2  3  4  5  6  7  8  9 10 11 12 13 |
---------------+----------------------------------------+-----
Fighting       | 4 5 6 7 8 |  8.8
Long Blades    | 4 5 6 7 9 11 13 15 16 17 | 17.6
Armour         | 3 4 5 6 9 11 13 15 16 17 | 17.4
Shields        | 4 5 |  5.5
Dodging        | |  2.1

Action                   |  1- 3 |  4- 6 |  7- 9 | 10-12 | 13-15 || total
-------------------------+-------+-------+-------+-------+-------++-------
Melee: Falchion          |    27 |       |       |       |       ||    27
       Headbutt          |    11 |    17 |    77 |   140 |    34 ||   279
       Whip              |    29 |       |       |       |       ||    29
       Dagger            |    11 |   101 |   143 |       |       ||   255
       Short sword       |       |       |   147 |       |       ||   147
       Great sword       |       |       |    78 |   558 |   123 ||   759
 Fire: Hunting sling     |    35 |     2 |       |       |       ||    37
Invok: Berserk           |       |     2 |     5 |    13 |     1 ||    21
       Trog's Hand       |       |       |     4 |    12 |     6 ||    22
       Burn Spellbooks   |       |       |     1 |     1 |       ||     2
       Brothers in Arms  |       |       |     1 |     5 |     5 ||    11
 Abil: Evoke Flight      |       |       |       |     1 |       ||     1
Evoke: Wand              |       |       |       |     2 |     9 ||    11
  Use: Scroll            |       |       |    17 |     8 |     2 ||    27
       Potion            |       |       |     8 |     1 |       ||     9
 Stab: Sleeping          |     2 |       |       |       |       ||     2
  Eat: Chunk             |     3 |     4 |    23 |    43 |     8 ||    81
       Beef jerky        |       |       |       |     1 |       ||     1
Armor: Animal skin       |    11 |       |       |       |       ||    11
       Ring mail         |     1 |    27 |    46 |       |       ||    74
       Plate armour      |       |       |   143 |   357 |   188 ||   688
Dodge: Dodged            |    69 |    42 |   176 |   254 |    93 ||   634
       Rpst.: Falchion   |     5 |       |       |       |       ||     5
       Great sword       |       |       |    10 |    67 |    17 ||    94
